 Dungeon Sprint DCSS version 0.17-a0-1748-g222fba8 (webtiles) character file.

1333 KambridgeKobold the Martial Artist (level 8, -3/82 HPs)
             Began as a Hill Orc Monk on Sept 1, 2015.
             Was a Priest of Okawaru.
             Slain by a demonic crawler (6 damage)
             ... in the Dungeon (Sprint I: "Red Sonja").
             The game lasted 00:04:54 (895 turns).

KambridgeKobold the Martial Artist (Hill Orc Monk)   Turns: 895, Time: 00:04:54

Health: -3/82      AC:  3    Str: 14    XL:     8   Next: 61%
Magic:  6/8        EV: 20    Int: 10    God:    Okawaru [***...]
Gold:   287        SH:  0    Dex: 15    Spells: 0 memorised, 7 levels left

rFire  . . .     SeeInvis .       - Unarmed
rCold  . . .     Clarity  .     j - +0 leather armour (curse)
rNeg   . . .     SustAt   .     (no shield)
rPois  .         Gourm    .     (no helmet)
rElec  .         Spirit   .     (no cloak)
rCorr  .         Warding  .     (no gloves)
rMut   .         NoTele   +     (no boots)
MR     .....                    (no amulet)
Stlth  +++.......               (no ring)
                                (no ring)

@: heroism, not resistant to hostile enchantments, fairly stealthy
A: no striking features
a: Heroism, Renounce Religion


You were in the Dungeon.
You worshipped Okawaru.
Okawaru was most pleased with you.
You were not hungry.

You visited 1 branch You collected 422 gold pieces.
You spent 135 gold pieces at shops.

Inventory:

Armour
 a - a +0 robe
 e - a +2 robe of fire resistance
 j - a cursed +0 leather armour (worn)
Scrolls
 d - a scroll of identify {unknown}
 h - a scroll of blinking
 k - a scroll of immolation {unknown}
 l - a scroll of fog {unknown}
Potions
 c - a potion of curing
 f - 2 potions of magic
 g - a potion of berserk rage
Comestibles
 b - a bread ration


   Skills:
 + Level 11.4(16.4) Fighting
 + Level 8.3(13.3) Dodging
 - Level 1.5(6.5) Stealth
 * Level 14.4(19.4) Unarmed Combat


You had 7 spell levels left.
You didn't know any spells.

Dungeon Overview and Level Annotations

Branches:
Dungeon (1/1)

Altars:
Cheibriados
Dithmenos
Elyvilon
Fedhas
Gozag
Kikubaaqudgha
Makhleb
Nemelex Xobeh
Okawaru
Qazlal
Ru
Sif Muna
Trog
Vehumet
Xom
Yredelemnul
Zin
The Shining One
Jiyva

Shops:
D *


Message History

Your Unarmed Combat skill increases to level 14!
You aren't carrying any items that can be evoked.
You hit the demonic crawler. You punch the demonic crawler!
The demonic crawler is lightly wounded.
The demonic crawler hits you. The demonic crawler closely misses you.
The demonic crawler hits you.
You barely miss the demonic crawler. You punch the demonic crawler.
The demonic crawler is lightly wounded.
The demonic crawler hits you!
* * * LOW HITPOINT WARNING * * *
The demonic crawler closely misses you. The demonic crawler misses you.
Use which ability? (? or * to list)
You gain the combat prowess of a mighty hero.
You feel slightly more hungry. The demonic crawler hits you!
* * * LOW HITPOINT WARNING * * *
The demonic crawler misses you. The demonic crawler barely misses you.
The demonic crawler hits you!
* * * LOW HITPOINT WARNING * * *
The demonic crawler hits you.
You die...

##################
.#.)'..#__#..')..#
)'..#..'..'..#)..##+#
'#####'#__####..@ss.#
.#...#.####§ #####s.+
##..##)#§§§§ ##
_##'#..+≈≈§§
..'..._#≈≈§.c
_##_.#'# +###
_###+#.# ## ###


You could see 3 demonic crawlers.

Vanquished Creatures
  2 kobold demonologists (D)
  A demonic crawler (D)
  A slime creature (D)
  Sigmund (D)
  A yak (D)
  An ogre (D)
  A jelly (D)
  Ijyb (D)
  A giant eyeball (D)
10 creatures vanquished.

Notes
Turn   | Place    | Note
--------------------------------------------------------------
     0 | D        | KambridgeKobold the Hill Orc Monk began the quest for the Orb.
     0 | D        | Reached XP level 1. HP: 19/19 MP: 1/1
     1 | D        | Noticed Ijyb
    35 | D        | Killed Ijyb
    35 | D        | Reached skill level 5 in Fighting
    35 | D        | Reached skill level 6 in Unarmed Combat
    35 | D        | Reached XP level 2. HP: 12/29 MP: 2/2
    35 | D        | Reached XP level 3. HP: 14/36 MP: 3/3
   215 | D        | Noticed an ogre
   223 | D        | Killed an ogre
   223 | D        | Reached skill level 8 in Unarmed Combat
   223 | D        | Reached XP level 4. HP: 29/45 MP: 4/4
   225 | D        | Noticed Sigmund
   237 | D        | Killed Sigmund
   237 | D        | Reached skill level 5 in Dodging
   237 | D        | Reached skill level 10 in Unarmed Combat
   237 | D        | Reached XP level 5. HP: 13/55 MP: 5/5
   237 | D        | Reached XP level 6. HP: 14/62 MP: 6/6
   495 | D        | Found a deep blue altar of Sif Muna.
   496 | D        | Noticed a jelly
   497 | D        | Found a radiant altar of Vehumet.
   501 | D        | Killed a jelly
   531 | D        | Found Deeblu's Assorted Antiques.
   531 | D        | Found a white marble altar of Elyvilon.
   531 | D        | Found a stormy altar of Qazlal.
   531 | D        | Found a basalt altar of Yredelemnul.
   531 | D        | Found an iron altar of Okawaru.
   531 | D        | Found a sparkling altar of Nemelex Xobeh.
   531 | D        | Found a shimmering altar of Xom.
   531 | D        | Found an ancient bone altar of Kikubaaqudgha.
   531 | D        | Noticed a yak
   532 | D        | Found a burning altar of Makhleb.
   532 | D        | Found a sacrificial altar of Ru.
   532 | D        | Found a glowing golden altar of the Shining One.
   532 | D        | Found an opulent altar of Gozag.
   532 | D        | Found a glowing silver altar of Zin.
   541 | D        | Killed a yak
   541 | D        | Reached skill level 11 in Unarmed Combat
   541 | D        | Reached XP level 7. HP: 39/70 MP: 7/7
   542 | D        | Found a bloodstained altar of Trog.
   548 | D        | Bought a glowing leather armour for 54 gold pieces
   559 | D        | Bought a scroll labeled CEALOS WIGOE for 27 gold pieces
   559 | D        | Bought a scroll labeled APAOMO GALLOEDGH for 27 gold pieces
   559 | D        | Bought a scroll labeled PYCUWEKACI for 27 gold pieces
   561 | D        | Became a worshipper of Warmaster Okawaru
   561 | D        | Acquired Okawaru's first power
   690 | D        | Found a snail-covered altar of Cheibriados.
   690 | D        | Found a viscous altar of Jiyva.
   690 | D        | Found a shadowy altar of Dithmenos.
   690 | D        | Found a blossoming altar of Fedhas.
   690 | D        | Noticed a slime creature
   700 | D        | Killed a slime creature
   700 | D        | Reached skill level 10 in Fighting
   700 | D        | Reached skill level 12 in Unarmed Combat
   832 | D        | Noticed a centaur warrior
   843 | D        | Noticed a kobold demonologist
   843 | D        | Paralysed by a giant eyeball for 2 turns
   845 | D        | Noticed a kobold demonologist
   848 | D        | Noticed a blue devil
   856 | D        | Killed a kobold demonologist
   856 | D        | Reached skill level 13 in Unarmed Combat
   856 | D        | Reached XP level 8. HP: 78/81 MP: 5/8
   860 | D        | Noticed a sun demon
   861 | D        | Killed a kobold demonologist
   883 | D        | Noticed a demonic crawler
   883 | D        | Noticed a demonic crawler
   883 | D        | Noticed a demonic crawler
   883 | D        | Noticed a demonic crawler
   892 | D        | Killed a demonic crawler
   892 | D        | Reached skill level 14 in Unarmed Combat
   895 | D        | HP: 3/82 [demonic crawler (9)]
   895 | D        | Slain by a demonic crawler

Vault maps used:
D:        dungeon_sprint_1

Action                   |  1- 3 |  4- 6 |  7- 9 || total
-------------------------+-------+-------+-------++-------
Melee: Unarmed           |    26 |    22 |    34 ||    82
Invok: Heroism           |       |       |     2 ||     2
  Use: Potion            |     2 |       |       ||     2
       Scroll            |       |       |     1 ||     1
 Stab: Sleeping          |     1 |     2 |     1 ||     4
